 Seeded DCSS version 0.28.0-62-gf88900778d (webtiles) character file.

Game seed: 6652734874546685307 (custom seed)

1034 cbfl8 the Chopper (level 8, -8/60 HPs)
             Began as a Demonspawn Fighter on June 30, 2023.
             Killed from afar by Joseph (20 damage)
             ... with a bolt of acid
             ... on level 8 of the Dungeon.
             The game lasted 00:05:28 (6359 turns).

cbfl8 the Chopper (Demonspawn Fighter)              Turns: 6359, Time: 00:05:29

Health: -8/60      AC: 11    Str: 24    XL:     8   Next: 3%
Magic:  10/10      EV:  9    Int:  9    God:
Gold:   111        SH: 10    Dex: 17    Spells: 7/7 levels left

rFire   . . .      SeeInvis +   a - +0 war axe
rCold   . . .      Faith    .   c - +0 buckler
rNeg    . . .      Spirit   .   k - +0 chain mail
rPois   .          Reflect  +   (helmet restricted)
rElec   .          Harm     .   (no cloak)
rCorr   .          Rampage  .   z - +0 pair of fencer's gloves {Riposte Dex+3}
Will    .....                   b - +0 pair of boots
Stlth   ..........              o - amulet of reflection
HPRegen 0.20/turn               e - +6 ring of strength
MPRegen 0.12/turn               m - ring of see invisible

@: mighty
A: antennae 2, powered by death 1, sturdy frame 1
a: no special abilities


You were on level 8 of the Dungeon.
You visited 1 branch of the dungeon, and saw 6 of its levels.

You collected 909 gold pieces.
You spent 798 gold pieces at shops.

Inventory:

Hand Weapons
 a - a +0 war axe (weapon)
Armour
 b - a +0 pair of boots (worn)
 c - a +0 buckler (worn)
 k - a +0 chain mail (worn)
 z - the +0 pair of fencer's gloves (worn) {Riposte Dex+3}
   (You acquired it on level 8 of the Dungeon)

   It allows the wearer to riposte with melee weapons, swiftly retaliating
   against missed attacks.
   Dex:       It affects your dexterity (+3).
Jewellery
 e - a +6 ring of strength (left hand)
 m - a ring of see invisible (right hand)
 o - an amulet of reflection (around neck)
Wands
 f - a wand of polymorph (5)
 t - a wand of mindburst (16) (quivered)
 v - a wand of iceblast (7)
 A - a wand of flame (28)
Scrolls
 h - a scroll of silence
 i - 2 scrolls of noise
 n - 3 scrolls of teleportation
 p - a scroll of blinking {unknown}
 q - a scroll of enchant armour
 u - 2 scrolls of magic mapping
 x - a scroll of amnesia {unknown}
 y - a scroll of immolation {unknown}
Potions
 d - a potion of might
 g - 6 potions of curing
 j - 3 potions of heal wounds {unknown}
 r - a potion of mutation {unknown}
 s - a potion of degeneration {unknown}
 w - a potion of brilliance {unknown}


   Skills:
 + Level 3.6 Fighting
 * Level 5.3 Axes
 + Level 3.6 Armour
 * Level 2.3 Dodging
 * Level 2.6 Stealth
 + Level 3.4 Shields
 * Level 3.7 Invocations
 * Level 2.9 Evocations


You had 7 spell levels left.
You didn't know any spells.
Your spell library contained the following spells:

 Spells                   Type           Power      Damage    Failure   Level
 Animate Dead             Necr           0%         N/A       100%        4
 Borgnjor's Vile Clutch   Necr/Erth      0%         N/A       100%        5
 Death Channel            Necr           0%         N/A       100%        6


Dungeon Overview and Level Annotations

Branches:
Dungeon (5/15)
 Temple: D:4-7

Altars:
Xom

Shops:
D:2 !   D:5 (=**

Annotations:
D:4 3 runed translucent doors, cbfl8's ghost, amateur HOFi; cbfl8's ghost, amateur KoBr; croobank's ghost, weakling OpDe
D:8 Joseph


Innate Abilities, Weirdness & Mutations

You have a pair of antennae on your head.
You regenerate a little health from kills.
Your movements are slightly less encumbered by armour. (ER -2)


Message History

You see here a +0 quarterstaff.
You see here 15 stones.
Found 13 gold pieces.
Found a sedimented brown potion.
You now have 111 gold pieces (gained 8).
Joseph, a Mercenary comes into view.
He is wielding a +0 quarterstaff of speed and carrying a wand of acid (12).
Found an escape hatch in the floor.
Joseph unwields a +0 quarterstaff of speed.
Joseph wields a +0 hunting sling.
Joseph shoots a sling bullet.
The sling bullet hits you.
Found a scroll of identify.
Found an inky potion.
Found a stone staircase leading up.
Joseph unwields a +0 hunting sling.
Joseph wields a +0 quarterstaff of speed.
Joseph hits you with a +0 quarterstaff of speed.
You see here 13 gold pieces.
Sorry, you're not good enough to have a special ability.
You feel very mighty all of a sudden.
Joseph hits you with a +0 quarterstaff of speed!
Joseph hits you with a +0 quarterstaff of speed.
You barely miss Joseph.
Joseph hits you with a +0 quarterstaff of speed. x2
You closely miss Joseph. Joseph barely misses you.
You riposte.
You barely miss Joseph.
Joseph zaps a wand.
The bolt of acid hits you!
* * * LOW HITPOINT WARNING * * *
You slash Joseph!
Joseph is moderately wounded.
Joseph hits you but does no damage.
Okay, then.
Aiming: Mindburst
Press: ? - help, Q - select action, (/) - cycle Shift-Dir - straight line, f - Joseph
Aim: Joseph, wielding a +0 quarterstaff of speed, wearing a +0 ring mail, quivering sling bullets and carrying a wand of acid (11) (moderately wounded, chance to affect: 60%) Joseph's mind is blasted!
You block Joseph's attack. x2
Aiming: Mindburst
Press: ? - help, Q - select action, (/) - cycle Shift-Dir - straight line, f/p - Joseph
Aim: Joseph, wielding a +0 quarterstaff of speed, wearing a +0 ring mail, quivering sling bullets and carrying a wand of acid (11) (moderately wounded, chance to affect: 60%) Joseph resists with significant effort.
Joseph zaps a wand.
The bolt of acid hits you!!
You die...

#.#<.......! ##..#........
#...........> # #...........#
#.#...........# #..............
#?..@!....... #..# #....@.....#.#
...# #####....#...# ...
..#.......#.# >. #.#..##.#...# .#
####.#..##.# #.###.# .
###.......##.# #.##..##...
#...##.....#.###....#.....
########.####.....#...)......##
#................(...............


You could see Joseph.

Vanquished Creatures
  Sigmund (D:4)
  2 necrophages (D:5)
  An ogre (D:5)
  A bullfrog (D:8)
  A wight (D:8)
  A centaur zombie (D:8)
  A jelly (D:5)
  2 hounds (D:5)
  A bullfrog skeleton (D:4)
  3 iguanas
  2 orc wizards (D:3)
  A hound zombie (D:5)
  A hound skeleton (D:4)
  Robin (D:2)
  2 adders (D:2)
  7 river rats (D:5)
  3 worms
  A dart slug (D:4)
  10 orcs
  5 endoplasms
  3 giant cockroaches
  16 goblins
  9 hobgoblins
  4 jackals (D:2)
  7 kobolds
  8 quokkas
  7 ball pythons
  5 bats
  5 frilled lizards
  A quokka skeleton (D:4)
  22 rats
134 creatures vanquished.

Vanquished Creatures (others)
  4 withered plants (D:4)
4 creatures vanquished.

Grand Total: 138 creatures vanquished

Notes
Turn   | Place    | Note
-------+----------+-------------------------------------------
     0 | D:1      | cbfl8 the Demonspawn Fighter began the quest for the Orb.
     0 | D:1      | Reached XP level 1. HP: 18/18 MP: 1/1
   255 | D:1      | Gained mutation: You have a pair of small antennae on your
                  | head. [demonic ancestry]
   255 | D:1      | Reached XP level 2. HP: 24/24 MP: 2/2
   270 | D:1      | Reached skill level 1 in Invocations
   357 | D:1      | Found a faded altar of an unknown god.
   835 | D:2      | Reached skill level 2 in Axes
  1241 | D:2      | Reached XP level 3. HP: 29/29 MP: 3/3
  1388 | D:2      | Reached skill level 1 in Stealth
  1457 | D:2      | Found Kasukam's Distillery.
  1538 | D:2      | Bought a potion of curing for 36 gold pieces
  1958 | D:2      | Found a shimmering altar of Xom.
  2048 | D:2      | Noticed Robin
  2083 | D:3      | Reached skill level 1 in Evocations
  2093 | D:2      | Gained mutation: Your movements are slightly less
                  | encumbered by armour. (ER -2) [demonic ancestry]
  2093 | D:2      | Reached XP level 4. HP: 32/35 MP: 5/5
  2106 | D:2      | Killed Robin
  2805 | D:3      | Reached skill level 1 in Dodging
  2820 | D:3      | Reached skill level 3 in Axes
  2820 | D:3      | Reached XP level 5. HP: 33/41 MP: 6/6
  4095 | D:4      | Found a runed translucent gate.
  4095 | D:4      | Found a runed translucent gate.
  4095 | D:4      | Found a runed translucent gate.
  4097 | D:4      | Noticed cbfl8's ghost (amateur HOFi)
  4097 | D:4      | Noticed croobank's ghost (weakling OpDe)
  4097 | D:4      | Noticed cbfl8's ghost (amateur KoBr)
  4194 | D:4      | Noticed Sigmund
  4223 | D:4      | Killed Sigmund
  4224 | D:4      | Gained mutation: You regenerate a little health from kills.
                  | [demonic ancestry]
  4224 | D:4      | Reached XP level 6. HP: 26/47 MP: 7/7
  4679 | D:4      | Reached skill level 4 in Axes
  4767 | D:5      | Entered Level 5 of the Dungeon
  4767 | D:5      | Found Uddoag's Jewellery Emporium.
  4769 | D:5      | Identified a scroll of acquirement
  4769 | D:5      | Acquired 693 gold pieces
  4917 | D:5      | Bought an amulet of reflection for 390 gold pieces
  4928 | D:5      | Found Huvadwey's General Store.
  4937 | D:5      | Bought a scroll of teleportation for 36 gold pieces
  4937 | D:5      | Bought a scroll of identify for 24 gold pieces
  4937 | D:5      | Bought a wand of mindburst (12) for 192 gold pieces
  4937 | D:5      | Bought a wand of mindburst (6) for 120 gold pieces
  5000 | D:5      | Found Venguj's General Store.
  5409 | D:5      | Reached XP level 7. HP: 49/52 MP: 9/9
  5801 | D:5      | Reached skill level 5 in Axes
  5860 | D:5      | Found Etuvav's Weapon Shoppe.
  6235 | D:5      | You fall into a shaft and drop 3 floors!
  6279 | D:8      | Gained mutation: You have a pair of antennae on your head.
                  | [demonic ancestry]
  6279 | D:8      | Reached XP level 8. HP: 59/60 MP: 10/10
  6301 | D:8      | Acquired the +0 pair of fencer's gloves {Riposte Dex+3}
  6301 | D:8      | Found the +0 pair of fencer's gloves {Riposte Dex+3}
  6351 | D:8      | Noticed Joseph
  6359 | D:8      | Killed from afar by Joseph

Illustrated notes

Levels and vault maps discovered:
D:1:      wander_arrival_lonely_grave, layout_basic,
          chequers_ecumenical_altar_island, moated_statue, minmay_box_of_dots
D:2:      layout_loops_corners, basic_altar, serial_shops, shop,
          minmay_diced_spiral, uniq_robin
D:3:      layout_rooms, serial_co_window_serial, co_window_paths_a,
          co_window_paths_a, co_window_corner_a, co_window_cross_1,
          co_window_paths_b, co_window_unsneaky_path_d, co_window_corner_b,
          co_window_broadway_c, co_window_broadway_a, co_window_2corner,
          co_window_unsneaky_path_d, glass_columns_b, glass_columns_b,
          glass_columns_a, glass_columns_a, minivault_27, corexii_shack
D:4:      layout_rooms, gammafunk_ghost_cemetery, minmay_misc_feat_diagonals,
          hangedman_abyss_or_decor_lesser_grid, uniq_sigmund
D:5:      lemuel_ratsnest, layout_layer_cave, serial_shops,
          nicolae_stop_n_shop_2, nicolae_stop_n_shop_2, shop_fountains,
          nicolae_shop_trees
D:8:      layout_rooms, uniq_joseph, uniq_prince_ribbit1

Skill      XL: |  1  2  3  4  5  6  7 |
---------------+----------------------+-----
Invocations    | 1 2 3 |  3.7
Axes           | 2 3 4 5 |  5.3
Stealth        | 1 2 |  2.6
Evocations     | 1 2 |  2.9
Armour         | 3 |  3.6
Dodging        | 1 2 |  2.3
Shields        | 3 |  3.4
Fighting       | |  3.6

Action                   |  1- 3 |  4- 6 |  7- 9 || total
-------------------------+-------+-------+-------++-------
Melee: War axe           |   120 |   162 |    98 ||   380
Evoke: Wand              |       |       |     2 ||     2
  Use: Scroll            |     2 |     6 |     1 ||     9
       Potion            |       |       |     2 ||     2
Armor: Scale mail        |    20 |       |       ||    20
       Chain mail        |    45 |    75 |    68 ||   188
Dodge: Dodged            |    54 |    80 |    64 ||   198
Block: Buckler           |    33 |    53 |    71 ||   157
       Reflection        |       |       |     1 ||     1
       Rpst.: War axe    |       |       |     1 ||     1
